 Dungeon Sprint DCSS version 0.29.1-2-gbd0b4ee654 (webtiles) character file.

Game seed: 3389906522726517890

7600000 Ashen the Conqueror (level 27, -39/323 HPs)
             Began as a Demonspawn Warper on Oct 25, 2022.
             Was the Champion of Makhleb.
             Annihilated by The Servant
             ... wielding a +9 glaive of flaming
              (127 damage)
             ... in the Dungeon (Sprint VIII: "Arena of Blood").
             The game lasted 00:06:34 (76 turns).

Ashen the Conqueror (Demonspawn Warper)               Turns: 76, Time: 00:06:34

Health: -39/323    AC:  6    Str: 12    XL:     27
Magic:  54/54      EV: 41    Int: 20    God:    Makhleb [******]
Gold:   0          SH:  0    Dex: 21    Spells: 80/80 levels left

rFire   . . .      SeeInvis +   j - +∞ Axe of Woe
rCold   . . .      Faith    .   (shield currently unavailable)
rNeg    . . .      Spirit   .   b - +0 leather armour
rPois   .          Reflect  .   (no helmet)
rElec   .          Harm     .   (cloak unavailable)
rCorr   .          Rampage  .   (no gloves)
Will    ++...      NoTele   +   (no boots)
Stlth   ++++++++++              (no amulet)
HPRegen 0.63/turn               k - ring of see invisible
MPRegen 0.34/turn               (no ring)

@: mighty, agile, on berserk cooldown, slowed, repel missiles, very slow
A: repulsion field 3, powered by pain 3, robust 3, spiny 3, weakness stinger 3
a: Renounce Religion, Minor Destruction, Lesser Servant of Makhleb, Major
Destruction, Greater Servant of Makhleb


You were in the Dungeon.
You worshipped Makhleb.
Makhleb was exalted by your worship.
You visited 1 branch

Inventory:

Hand Weapons
 a - a +0 hand axe
 j - the +∞ Axe of Woe (weapon)
   (You found it in the Dungeon)
Missiles
 d - 7 boomerangs of dispersal (quivered)
Armour
 b - a +0 leather armour (worn)
Jewellery
 k - a ring of see invisible (left hand)
Potions
 e - a potion of curing
 f - a potion of heal wounds
 g - a potion of haste
 h - 2 potions of magic


   Skills:
 O Level 27 Fighting
 + Level 23.2(26.3) Short Blades
 + Level 21.5(25.5) Long Blades
 O Level 27 Axes
 + Level 21.5(27) Maces & Flails
 + Level 21.5(27) Polearms
 + Level 21.5(27) Staves
 + Level 21.5 Ranged Weapons
 + Level 21.8 Throwing
 O Level 27 Armour
 O Level 27 Dodging
 O Level 27 Stealth
 + Level 21.8 Shields
 + Level 21.8 Unarmed Combat
 O Level 27 Spellcasting
 + Level 23.5 Conjurations
 + Level 25.0 Hexes
 + Level 25.0 Summonings
 + Level 26.9 Necromancy
 O Level 27 Translocations
 + Level 23.2 Transmutations
 + Level 23.1 Fire Magic
 + Level 23.2 Ice Magic
 + Level 23.2 Air Magic
 + Level 23.2 Earth Magic
 + Level 25.0 Poison Magic
 O Level 27 Invocations
 + Level 25.0 Evocations


You had 80 spell levels left.
You didn't know any spells.
Your spell library contained the following spells:

 Spells                   Type           Power      Damage    Failure   Level
 Blink                    Tloc           100%       N/A       0%          2
 Gell's Gravitas          Tloc           94%        N/A       0%          3
 Lesser Beckoning         Tloc           94%        N/A       0%          3
 Teleport Other           Tloc           94%        N/A       0%          3
 Manifold Assault         Tloc           94%        N/A       0%          5


Dungeon Overview and Level Annotations

Branches:
Dungeon (1/1)

Altars:
Makhleb

Annotations:
D The Servant


Innate Abilities, Weirdness & Mutations

You are surrounded by a strong repulsion field. (EV +4, RMsl)
You are powered by pain.
You are extremely robust. (+30% HP)
You are completely covered in sharp spines.
You have a sharp stinger which inflicts weakening toxins.


Message History

You hear a shout! x9
The dread calls on the powers of darkness!
The Servant convulses!
Your body is wracked with pain!
* * * LOW HITPOINT WARNING * * *
You hear a shout! x2
Press: ? - help, v - describe, . - travel The floor, spattered with blood.
Blink to where?
Press: ? - help, Dir - move target A bag of meat, a meat berserker and a dread come into view.
As you read the scroll of blinking, it crumbles to dust.
The meat beast bleats, "Face thy requiem, thou tasty meal!"
The meat beast croaks, "Give up, thou foisting kobold-kissing bugbear!"
You hear a shout! x4
The dread calls on the powers of darkness!
The bag of meat convulses!
Your body is wracked with pain!
* * * LOW HITPOINT WARNING * * *
You hear a shout!
The dread is struck by your spines. The dread hits you.
* * * LOW HITPOINT WARNING * * *
The dread drains your vigour!
You feel as though you will be slow longer.
You hear a shout!
The Servant completely misses you.
You hear a shout! x2
The accursed points at you and mumbles some strange words.
Something smites you!
* * * LOW HITPOINT WARNING * * *
You hear a shout! x2
You cut the meat beast into ribbons!!!
You butcher the meat beast messily.
You kill the meat beast!
Makhleb accepts your kill.
You feel better.
You slash the dread!
You cleave the dread in twain.
You destroy the dread!
Makhleb accepts your kill.
You feel better.
You hear a shout! x7
A meat berserker comes into view. It is wielding a +9 battleaxe.
The Servant hits you from afar with a +9 glaive of flaming!!!!
You die...

####.....))........
#........)).)○.....
........##)##.#####
.......)§.).).......
..####.))))##.##...
#.....M))).........
.#.....@....#.#....
#.......))).......
..#...@..).).......
....#.....))).......
....................
....................
..O.o...#.......#... ..
..#W....#.......#.......
. ....###.....).###.....
....O.....###.)........
......O_...)...o...


You could see an accursed, The Servant, a dread, 2 meat berserkers and a bag of
meat.

Vanquished Creatures
  5 hell beasts (D)
  6 royal mummies (D)
  2 wraiths (D)
  5 vampire knights (D)
  21 ogres (D)
  A two-headed ogre (D)
  4 liches (D)
  41 orcs (D)
  5 skeletal warriors (D)
90 creatures vanquished.

Notes
Turn   | Place    | Note
-------+----------+-------------------------------------------
     0 | D        | Found the +∞ Axe of Woe
     0 | D        | Ashen the Demonspawn Warper began the quest for the Orb.
     0 | D        | Reached XP level 1. HP: 16/16 MP: 3/3
     3 | D        | Became a worshipper of Makhleb the Destroyer
     4 | D        | Noticed a meat berserker
     4 | D        | Noticed a bag of meat
     5 | D        | Noticed a bag of meat
     7 | D        | Killed a meat berserker
     7 | D        | Noticed a meat berserker
     7 | D        | Noticed a meat berserker
     8 | D        | Gained mutation: You are surrounded by a mild repulsion
                  | field. (EV +2) [demonic ancestry]
     8 | D        | Reached XP level 2. HP: 41/41 MP: 3/15
     8 | D        | Reached XP level 3. HP: 47/47 MP: 3/17
     8 | D        | Reached XP level 4. HP: 54/54 MP: 3/18
     8 | D        | Gained mutation: You have a small tail. [demonic ancestry]
     8 | D        | Reached XP level 5. HP: 60/60 MP: 3/20
     8 | D        | Reached XP level 6. HP: 67/67 MP: 3/21
     8 | D        | Gained mutation: You sometimes gain a little power by
                  | taking damage. [demonic ancestry]
     8 | D        | Reached XP level 7. HP: 73/73 MP: 3/23
     8 | D        | Gained mutation: You have a tail ending in a sharp stinger.
                  | [demonic ancestry]
     8 | D        | Reached XP level 8. HP: 80/80 MP: 3/24
     8 | D        | Reached XP level 9. HP: 86/86 MP: 3/25
     8 | D        | Gained mutation: You are surrounded by a moderate repulsion
                  | field. (EV +3) [demonic ancestry]
     8 | D        | Reached XP level 10. HP: 93/93 MP: 3/26
     8 | D        | Gained mutation: You are partially covered in sharp spines.
                  | [demonic ancestry]
     8 | D        | Reached XP level 11. HP: 99/99 MP: 3/27
     8 | D        | Noticed a meat berserker
    10 | D        | Killed a bag of meat
    10 | D        | Reached * piety under Makhleb
    10 | D        | Killed a bag of meat
    10 | D        | Noticed a bag of meat
    11 | D        | Reached skill level 15 in Fighting
    11 | D        | Gained mutation: You are mostly covered in sharp spines.
                  | [demonic ancestry]
    11 | D        | Reached XP level 12. HP: 111/111 MP: 3/30
    11 | D        | Reached XP level 13. HP: 117/117 MP: 3/31
    11 | D        | Killed a meat berserker
    11 | D        | Killed a meat berserker
    11 | D        | Reached ** piety under Makhleb
    11 | D        | Noticed a meat berserker
    11 | D        | Noticed a bag of meat
    11 | D        | Noticed a bag of meat
    12 | D        | Gained mutation: You are robust. (+10% HP) [demonic
                  | ancestry]
    12 | D        | Reached XP level 14. HP: 124/144 MP: 3/35
    12 | D        | Killed a meat berserker
    13 | D        | Noticed a bag of meat
    13 | D        | Noticed a bag of meat
    13 | D        | Noticed a bag of meat
    13 | D        | Noticed a meat berserker
    13 | D        | Noticed a bag of meat
    14 | D        | Noticed a bag of meat
    14 | D        | Noticed a bag of meat
    14 | D        | Noticed a bag of meat
    14 | D        | Noticed a bag of meat
    14 | D        | Noticed a bag of meat
    14 | D        | Noticed a bag of meat
    14 | D        | Noticed a bag of meat
    14 | D        | Noticed a bag of meat
    14 | D        | Noticed a bag of meat
    14 | D        | Noticed a bag of meat
    14 | D        | Noticed a bag of meat
    15 | D        | Killed a bag of meat
    15 | D        | Noticed a meat berserker
    15 | D        | Noticed a bag of meat
    15 | D        | Noticed a bag of meat
    16 | D        | Reached XP level 15. HP: 155/155 MP: 4/37
    16 | D        | Reached *** piety under Makhleb
    17 | D        | Reached **** piety under Makhleb
    17 | D        | Noticed a meat berserker
    18 | D        | Gained mutation: You are surrounded by a strong repulsion
                  | field. (EV +4, RMsl) [demonic ancestry]
    18 | D        | Reached XP level 16. HP: 170/170 MP: 5/40
    18 | D        | Reached ***** piety under Makhleb
    19 | D        | Killed a meat berserker
    19 | D        | Noticed a destroyer
    20 | D        | Gained mutation: You have a sharp stinger which inflicts
                  | weakening toxins. [demonic ancestry]
    20 | D        | Reached XP level 17. HP: 185/185 MP: 5/44
    20 | D        | Killed a destroyer
    21 | D        | Killed a meat berserker
    21 | D        | Reached ****** piety under Makhleb
    22 | D        | Reached skill level 27 in Fighting
    22 | D        | Gained mutation: You sometimes gain power by taking damage.
                  | [demonic ancestry]
    22 | D        | Reached XP level 18. HP: 200/200 MP: 6/47
    23 | D        | Killed a meat berserker
    24 | D        | Reached skill level 27 in Axes
    24 | D        | Reached skill level 27 in Dodging
    24 | D        | Reached skill level 27 in Spellcasting
    24 | D        | Reached skill level 27 in Translocations
    24 | D        | Reached skill level 15 in Armour
    24 | D        | Killed a meat berserker
    25 | D        | Reached XP level 19. HP: 207/207 MP: 6/50
    25 | D        | Noticed a destroyer
    25 | D        | Noticed a meat berserker
    30 | D        | Noticed a large bag of meat
    31 | D        | Killed a meat berserker
    31 | D        | Noticed a meat berserker
    35 | D        | Killed a large bag of meat
    36 | D        | Reached skill level 27 in Armour
    36 | D        | Killed a destroyer
    37 | D        | Reached skill level 5 in Necromancy
    39 | D        | Noticed a destroyer
    41 | D        | Reached skill level 5 in Hexes
    41 | D        | Reached skill level 5 in Summonings
    41 | D        | Reached skill level 5 in Poison Magic
    41 | D        | Reached skill level 5 in Evocations
    41 | D        | Killed a meat berserker
    41 | D        | Killed a destroyer
    42 | D        | Reached XP level 20. HP: 216/216 MP: 11/51
    44 | D        | Reached skill level 10 in Invocations
    44 | D        | Noticed a tyrant
    46 | D        | Noticed a meat berserker
    47 | D        | Noticed an accursed
    47 | D        | Noticed a meat berserker
    47 | D        | Noticed an accursed
    48 | D        | Killed a tyrant
    49 | D        | Reached skill level 10 in Necromancy
    49 | D        | Noticed a meat berserker
    49 | D        | Noticed a tyrant
    50 | D        | Noticed a meat berserker
    50 | D        | Killed a meat berserker
    50 | D        | Noticed a meat berserker
    50 | D        | Noticed a meat berserker
    51 | D        | Reached skill level 10 in Hexes
    51 | D        | Reached skill level 10 in Summonings
    51 | D        | Reached skill level 10 in Poison Magic
    51 | D        | Reached skill level 10 in Evocations
    51 | D        | Gained mutation: You are powered by pain. [demonic
                  | ancestry]
    51 | D        | Reached XP level 21. HP: 213/224 MP: 13/52
    51 | D        | Noticed an accursed
    52 | D        | Noticed a tyrant
    53 | D        | Noticed an accursed
    53 | D        | Killed an accursed
    54 | D        | Reached skill level 10 in Short Blades
    54 | D        | Reached skill level 10 in Stealth
    54 | D        | Reached skill level 10 in Conjurations
    54 | D        | Reached skill level 10 in Transmutations
    54 | D        | Reached skill level 10 in Fire Magic
    54 | D        | Reached skill level 10 in Ice Magic
    54 | D        | Reached skill level 10 in Air Magic
    54 | D        | Reached skill level 10 in Earth Magic
    54 | D        | Reached skill level 15 in Invocations
    54 | D        | Noticed a destroyer
    56 | D        | Reached skill level 10 in Long Blades
    56 | D        | Reached skill level 10 in Maces & Flails
    56 | D        | Reached skill level 10 in Polearms
    56 | D        | Reached skill level 10 in Staves
    56 | D        | Reached skill level 10 in Ranged Weapons
    56 | D        | Reached skill level 10 in Throwing
    56 | D        | Reached skill level 10 in Shields
    56 | D        | Reached skill level 10 in Unarmed Combat
    57 | D        | Gained mutation: You are very robust. (+20% HP) [demonic
                  | ancestry]
    57 | D        | Reached XP level 22. HP: 254/254 MP: 33/53
    57 | D        | Noticed an accursed
    57 | D        | Killed an accursed
    57 | D        | Killed an accursed
    58 | D        | Reached skill level 15 in Hexes
    58 | D        | Reached skill level 15 in Summonings
    58 | D        | Reached skill level 15 in Poison Magic
    58 | D        | Reached skill level 15 in Evocations
    58 | D        | Noticed an accursed
    59 | D        | Killed an accursed
    59 | D        | Noticed a tyrant
    60 | D        | Gained mutation: You are completely covered in sharp
                  | spines. [demonic ancestry]
    60 | D        | Reached XP level 23. HP: 204/262 MP: 33/54
    60 | D        | Noticed an accursed
    61 | D        | Reached skill level 15 in Short Blades
    61 | D        | Reached skill level 15 in Transmutations
    61 | D        | Reached skill level 15 in Fire Magic
    61 | D        | Reached skill level 15 in Ice Magic
    61 | D        | Reached skill level 15 in Air Magic
    61 | D        | Reached skill level 15 in Earth Magic
    61 | D        | Killed a destroyer
    61 | D        | Noticed a destroyer
    62 | D        | Reached skill level 15 in Stealth
    62 | D        | Reached skill level 15 in Conjurations
    62 | D        | Noticed a meat beast
    62 | D        | Killed a tyrant
    63 | D        | Killed a tyrant
    64 | D        | Reached skill level 15 in Long Blades
    64 | D        | Reached skill level 15 in Maces & Flails
    64 | D        | Reached skill level 15 in Polearms
    64 | D        | Reached skill level 15 in Staves
    64 | D        | Reached skill level 15 in Ranged Weapons
    64 | D        | Reached skill level 15 in Throwing
    64 | D        | Reached skill level 15 in Shields
    64 | D        | Reached skill level 15 in Unarmed Combat
    64 | D        | Reached XP level 24. HP: 272/272 MP: 53/54
    64 | D        | Noticed a meat beast
    65 | D        | Killed a tyrant
    66 | D        | Killed a meat beast
    66 | D        | Killed a destroyer
    66 | D        | Noticed a meat beast
    67 | D        | Reached XP level 25. HP: 265/280 MP: 54/54
    67 | D        | Killed a meat beast
    68 | D        | Reached skill level 27 in Stealth
    68 | D        | Noticed a dread
    68 | D        | Killed a dread
    68 | D        | Killed an accursed
    68 | D        | Noticed a dread
    69 | D        | Reached skill level 27 in Invocations
    69 | D        | Reached XP level 26. HP: 265/290 MP: 54/54
    69 | D        | Noticed a meat beast
    69 | D        | Noticed The Servant
    70 | D        | Killed a meat beast
    70 | D        | Killed a meat beast
    71 | D        | Gained mutation: You are extremely robust. (+30% HP)
                  | [demonic ancestry]
    71 | D        | Reached XP level 27. HP: 191/323 MP: 54/54
    72 | D        | Noticed a meat beast
    73 | D        | Killed an accursed
    75 | D        | Noticed a dread
    76 | D        | Killed a meat beast
    76 | D        | Killed a dread
    76 | D        | Annihilated by The Servant

Illustrated notes

Levels and vault maps discovered:
D:        meatsprint

Skill      XL: |  1  2  3  4  5  6  7  8  9 10 11 12 13 14 15 16 17 18 19 20 21 22 23 24 25 26 27 |
---------------+----------------------------------------------------------------------------------+-----
Fighting       | 13 15 18 20 22 25 27 | 27.0
Axes           | 12 14 17 18 20 23 25 27 | 27.0
Dodging        | 12 14 17 18 20 23 25 27 | 27.0
Spellcasting   | 12 14 17 18 20 23 25 27 | 27.0
Translocations | 12 14 17 18 20 23 25 27 | 27.0
Armour         | 20 27 | 27.0
Short Blades   | 6 9 12 14 17 19 20 22 23 | 23.2
Long Blades    | 6 8 10 13 15 17 18 20 21 | 21.5
Maces & Flails | 6 8 10 13 15 17 18 20 21 | 21.5
Polearms       | 6 8 10 13 15 17 18 20 21 | 21.5
Staves         | 6 8 10 13 15 17 18 20 21 | 21.5
Ranged Weapons | 6 8 10 13 15 17 18 20 21 | 21.5
Throwing       | 6 8 11 13 15 17 19 21 | 21.8
Stealth        | 6 9 11 14 16 18 27 | 27.0
Shields        | 6 8 10 13 15 17 19 21 | 21.8
Unarmed Combat | 6 8 10 13 15 17 19 21 | 21.8
Conjurations   | 6 9 11 14 16 18 20 22 23 | 23.5
Hexes          | 7 10 13 16 18 20 22 24 25 | 25.0
Summonings     | 7 10 13 16 18 20 22 24 25 | 25.0
Necromancy     | 8 11 14 17 20 22 24 26 | 26.9
Transmutations | 6 9 12 14 17 19 20 22 23 | 23.2
Fire Magic     | 6 9 12 14 17 19 20 22 23 | 23.1
Ice Magic      | 6 9 12 14 17 19 20 22 23 | 23.2
Air Magic      | 6 9 12 14 17 19 20 22 23 | 23.2
Earth Magic    | 6 9 12 14 17 19 20 22 23 | 23.2
Poison Magic   | 7 10 13 16 18 20 22 24 25 | 25.0
Invocations    | 9 13 16 20 23 26 27 | 27.0
Evocations     | 7 10 13 16 18 20 22 24 25 | 25.0

Action                   |  1- 3 |  4- 6 |  7- 9 | 10-12 | 13-15 | 16-18 | 19-21 | 22-24 | 25-27 || total
-------------------------+-------+-------+-------+-------+-------+-------+-------+-------+-------++-------
Melee: Executioner's axe |     1 |       |       |     1 |     5 |     7 |    16 |     9 |     9 ||    48
  Use: Scroll            |       |       |       |       |     1 |       |       |       |     1 ||     2
       Potion            |       |       |       |       |       |       |     1 |       |       ||     1
Armor: Leather armour    |       |       |       |       |       |       |       |     2 |       ||     2
Dodge: Dodged            |       |       |       |       |       |       |     2 |       |     1 ||     3
